 Dungeon Crawl Stone Soup version 0.31-a0-986-g5e6e4ef867 (webtiles) character file.

Game seed: 2240044139218335564

79 sammy202020 the Ruffian (level 4, -2/33 HPs)
             Began as a Demonspawn Shapeshifter on Nov 17, 2023.
             Slain by a goblin
             ... wielding a +0 dagger
             ... led by Robin
              (3 damage)
             ... on level 3 of the Dungeon.
             The game lasted 00:02:14 (1532 turns).

sammy202020 the Ruffian (Demonspawn Shapeshifter)   Turns: 1532, Time: 00:02:15

Health: -2/33      AC:  4    Str: 17    XL:     4   Next: 16%
Magic:  4/4        EV: 12    Int: 11    God:
Gold:   107        SH:  0    Dex: 12    Spells: 3/3 levels left

rFire   . .          .
                       - Unarmed
rCold   . . .        (no shield)
rNeg    . . .        e - +1 leather armour
rPois   .            (helmet currently unavailable)
rElec   .            (cloak currently unavailable)
rCorr   .            (gloves currently unavailable)
SInv    .            (boots currently unavailable)
Will    .....        p - amulet of regeneration
Stlth   +            (no ring)
HPRegen 1.05/turn    (no ring)
MPRegen 0.09/turn

%: no passive effects
@: beast-form, hasted, very quick
A: beast (slay +1), condensation shield
a: Begin Untransformation


You were on level 3 of the Dungeon.
You were a hulking beast.
You visited 1 branch of the dungeon, and saw 3 of its levels.

You collected 107 gold pieces.

Inventory:

Missiles
 n - a throwing net
Armour
 a - a +0 animal skin
 e - a +1 leather armour (worn)
Jewellery
 p - an amulet of regeneration (around neck)
 q - a +6 ring of dexterity
Talismans
 c - a beast talisman
 d - a flux talisman
Scrolls
 j - 3 scrolls of identify
Potions
 b - a potion of lignification
 o - a potion of curing


   Skills:
 * Level 2.1 Fighting
 + Level 1.0 Armour
 + Level 2.1 Dodging
 * Level 3.2 Unarmed Combat
 * Level 3.2 Shapeshifting


You had 3 spell levels left.
You didn't know any spells.
Your spell library was empty.

Dungeon Overview and Level Annotations

Branches:
Dungeon (3/15)

Altars:

Shops:
D:1 (:

Annotations:
D:3 Robin


Innate Abilities, Weirdness & Mutations

You are a hulking beast.
Your limbs bulge with bestial killing power. (Slay +1)
A meltable shield of frost defends you. (SH +0)


Message History

You are too injured to fight recklessly!
You are too injured to fight recklessly!
You are too injured to fight recklessly!
You are too injured to fight recklessly!
You are too injured to fight recklessly!
You are too injured to fight recklessly!
You are too injured to fight recklessly!
You are too injured to fight recklessly!
You are too injured to fight recklessly!
You are too injured to fight recklessly!
Unknown command.
The goblin misses you. Robin throws the goblin at you!
The goblin attacks as it pursues you! The goblin completely misses you.
The adder bites you.
* * * LOW HITPOINT WARNING * * *
The goblin no longer looks unusually strong.
The goblin hits you with a +1 dagger of venom.
* * * LOW HITPOINT WARNING * * *
You are poisoned.
The goblin hits you but does no damage. Robin throws the goblin at you!
* * * LOW HITPOINT WARNING * * *
The goblin closely misses you.
Okay, then.
You feel better.
The goblin no longer looks unusually strong.
The adder bites you. The hobgoblin closely misses you.
The goblin closely misses you. The goblin hits you but does no damage.
Robin roars a battlecry!
The goblins go into a battle-frenzy!
The goblin closely misses you. The goblin misses you.
You feel yourself speed up.
The hobgoblin no longer looks unusually strong.
The adder bites you but does no damage. The hobgoblin closely misses you.
The goblin closely misses you.
Robin laughs in a distinctly smug fashion.
Robin throws the goblin at you!
The goblin hits you with a +0 long sword!
* * * LOW HITPOINT WARNING * * *
The goblin hits you with a +0 dagger.
You die...

#############
#...........##
#............#
#.......!....#
#............#####
#.........).......
#......gg..)......
#......ghgg†......
###......ggS........
...........g........
#####.........##....
#.........# ....
#####.........# ...
.......<....... ..
..........#.....
...............


You could see Robin, an adder, 2 hobgoblins and 5 goblins.

Vanquished Creatures
  3 adders (D:2)
  4 ball pythons
  6 endoplasms
  2 giant cockroaches (D:2)
  10 goblins
  6 hobgoblins
  2 kobolds
  2 quokkas (D:1)
  4 bats
  2 frilled lizards (D:2)
  5 rats
46 creatures vanquished.

Notes
Turn   | Place    | Note
-------+----------+-------------------------------------------
     0 | D:1      | sammy202020 the Demonspawn Shapeshifter began the quest for
                  | the Orb.
     0 | D:1      | Reached XP level 1. HP: 15/15 MP: 1/1
   174 | D:1      | Gained mutation: A meltable shield of frost defends you.
                  | (SH +0) [demonic ancestry]
   174 | D:1      | Reached XP level 2. HP: 19/21 MP: 2/2
   258 | D:1      | Found a faded altar of an unknown god.
   364 | D:1      | Found Ojesh's Antique Weapon Shoppe.
   594 | D:1      | Found Wuufrer's Book Boutique.
   698 | D:2      | Reached XP level 3. HP: 26/26 MP: 3/3
  1220 | D:2      | Reached skill level 1 in Armour
  1300 | D:2      | Reached XP level 4. HP: 23/33 MP: 4/4
  1517 | D:3      | Noticed Robin
  1532 | D:3      | HP: 1/33 [goblin/+0 long sword[Robin] (13)]
  1532 | D:3      | Slain by a goblin

Illustrated notes

Levels and vault maps discovered:
D:1:      dpeg_arrival_simpleton_b, layout_basic, serial_shops, shop,
          nicolae_shop_competitors_out_of_business,
          chequers_ecumenical_altar_island
D:2:      layout_loops_ring
D:3:      layout_basic, mainiacjoe_overflow_surrounded_room, kennysheep_boxes,
          uniq_robin

Skill      XL: |  1  2  3 |
---------------+----------+-----
Unarmed Combat | 3 |  3.2
Shapeshifting  | 3 |  3.2
Dodging        | 2 |  2.1
Fighting       | 2 |  2.1
Armour         | 1 |  1.0

Action                     |  1- 3 |  4- 6 || total
---------------------------+-------+-------++-------
  Melee: Unarmed           |   120 |    14 ||   134
         Punch             |     1 |     1 ||     2
    Use: Scroll            |       |     8 ||     8
         Potion            |       |     2 ||     2
   Stab: Sleeping          |     1 |       ||     1
 Armour: Leather armour    |    61 |    23 ||    84
  Dodge: Dodged            |    51 |    22 ||    73
  Block: Other             |    14 |     2 ||    16

Table legend: (Time is in decaauts)
 A = Elapsed time spent in this place.
 B = Non-inter-level travel time spent in this place.
 C = Inter-level travel time spent in this place.
 D = Time resting spent in this place.
 E = Time spent auto-exploring this place.
 F = Levels seen in this place.
 G = Mean time per level.
                   A        B        C        D        E       F      G
               +--------+--------+--------+--------+--------+-----+--------+
         Total |   1525 |   1509 |     16 |      3 |   1145 |   3 |  508.3 |
       Dungeon |   1525 |   1509 |     16 |      3 |   1145 |   3 |  508.3 |
               +--------+--------+--------+--------+--------+-----+--------+

Top non-repeatable levels by time:
     D:2: 819 daAuts
     D:1: 679 daAuts
     D:3: 26 daAuts
